AoeStats
← tabinoko

Baltic

510366271Analyzed
4v4 RM · 1d ago on Sep 30, 2026· 50m 50s· 8 players
Game mode
Random Map
Map size
Large (8 player)
Population
200
Speed
Normal
Resources
Standard
Victory
Conquest
Starting age
Dark Age
Ending age
Imperial Age
RankedLock teamsTeams togetherTeam positionsShared explorationLock speedFull tech treeHidden civsTurbo modeCheats
Victory
Defeat
🇺🇸 Italians · United States
829
+15
🇨🇦 Varangians · Canada
821
+16
🇦🇷 Japanese · Argentina
804
+16
🇺🇸 Persians · United States
782
+17
🇺🇦 Slavs · Ukraine
826
-17
🇺🇦 Saracens · Ukraine
825
-16
🇩🇪 Inca · Germany
812
-16
🇯🇵 Portuguese · Japan
794
-15
Cypress Fever
0:27 Loom
13:48 Feudal Age
16:01 Wheelbarrow
15:08 Horse Collar
19:56 Gold Mining
19:57 Stone Mining
20:01 Double-Bit Axe
24:40 Castle Age
25:48 Hand Cart
25:36 Heavy Plow
25:53 Bow Saw
28:11 Stone Shaft Mining
36:25 Imperial Age
36:29 Silk Road
36:23 Fletching
36:33 Padded Archer Armor
36:34 Scale Mail Armor
36:44 Forging
36:59 Ballistics
36:20 Treadmill Crane
36:52 Masonry
36:56 Fortified Wall
37:45 Crop Rotation
38:11 Elite Genoese Crossbowman
39:15 Conscription
38:20 Man-at-Arms
39:11 Squires
38:56 Arson
39:08 Pikeman
40:09 Bodkin Arrow
40:29 Leather Archer Armor
40:30 Chain Mail Armor
40:51 Iron Casting
41:19 Chemistry
40:10 Heated Shot
40:38 Long Swordsman
41:23 Two-Handed Swordsman
42:44 Two-Handed Swordsman
43:01 Elite Skirmisher
43:47 Thumb Ring
44:52 Champion
45:41 Bracer
46:12 Ring Archer Armor
46:12 Plate Mail Armor
46:43 Blast Furnace
D4RKK
0:54 Loom
9:42 Feudal Age
10:56 Double-Bit Axe
11:39 Horse Collar
15:03 Gold Mining
15:06 Fishing Lines
17:27 Stone Mining
21:08 Castle Age
25:39 Bow Saw
26:05 Scale Barding Armor
26:00 Padded Archer Armor
25:51 Fletching
26:05 Scale Mail Armor
26:17 Forging
29:30 Imperial Age
28:23 Heavy Plow
29:00 Gold Shaft Mining
28:47 Kamandaran
29:34 Gillnets
29:43 Gillnets
29:21 Pikeman
30:02 Squires
30:44 Crossbowman
33:04 Two-Man Saw
33:39 Wheelbarrow
33:19 Caravan
33:29 Guilds
34:16 Elite War Elephant
38:27 Bloodlines
37:39 Cavalier
38:21 Husbandry
39:50 Chain Barding Armor
39:45 Leather Archer Armor
39:27 Bodkin Arrow
39:52 Chain Mail Armor
40:12 Iron Casting
40:05 Savar
42:59 Stone Shaft Mining
43:19 Halberdier
43:45 Gambesons
43:46 Arson
44:43 Plate Barding Armor
44:38 Plate Mail Armor
45:09 Blast Furnace
44:25 Leather Archer Armor
44:06 Bodkin Arrow
44:47 Conscription
45:19 Hand Cart
46:59 Town Watch
49:29 Ballistics
50:09 Chemistry
49:05 Murder Holes
50:38 Ballistics
51:19 Chemistry
Krypp
12:04 Feudal Age
18:03 Castle Age
17:09 Double-Bit Axe
17:08 Horse Collar
19:10 Bow Saw
31:20 Imperial Age
29:35 Wheelbarrow
30:34 Scale Barding Armor
31:38 Chain Barding Armor
31:46 Elite Jarl
34:16 Plate Barding Armor
33:53 Forging
33:47 Caravan
37:09 Iron Casting
47:53 Blast Furnace
46:48 Fletching
Nahue
2:25 Loom
9:57 Feudal Age
11:09 Double-Bit Axe
11:06 Horse Collar
19:20 Castle Age
17:46 Stone Mining
21:08 Heavy Plow
21:44 Bow Saw
25:36 Gold Mining
28:07 Wheelbarrow
32:10 Imperial Age
30:45 Hand Cart
31:46 Gold Shaft Mining
33:25 Forging
33:16 Scale Mail Armor
33:17 Padded Archer Armor
33:07 Fletching
33:29 Town Watch
34:33 Scale Barding Armor
35:11 Conscription
36:11 Iron Casting
35:52 Chain Mail Armor
36:39 Kataparuto
41:38 Blast Furnace
41:09 Plate Mail Armor
40:54 Leather Archer Armor
40:34 Bodkin Arrow
41:10 Heavy Cavalry Archer
42:16 Parthian Tactics
41:57 Thumb Ring
43:55 Caravan
44:23 Ballistics
45:04 Chemistry
45:11 Elite Samurai
LappeN³ | 5eth
0:39 Loom
12:03 Feudal Age
15:31 Gold Mining
15:32 Stone Mining
15:31 Double-Bit Axe
22:33 Castle Age
23:01 Horse Collar
23:31 Bow Saw
24:43 Gold Shaft Mining
25:21 Heavy Plow
25:22 Pikeman
29:10 Stone Shaft Mining
32:17 Wheelbarrow
35:38 Imperial Age
33:16 Champi Runner
33:59 Squires
35:05 Fortified Wall
35:24 Medium Warships
34:35 Demolition Ship
36:19 Forging
36:52 Fletching
38:46 Hoardings
37:41 Crossbowman
40:14 Elite Skirmisher
43:53 Champi Warrior
43:53 Halberdier
47:08 Arbalester
tabinoko
11:17 Feudal Age
12:34 Wheelbarrow
11:45 Town Watch
12:36 Horse Collar
18:11 Double-Bit Axe
18:36 Gold Mining
20:37 Stone Mining
23:28 Castle Age
24:42 Hand Cart
24:45 Caravan
25:53 Town Patrol
29:14 Bow Saw
31:01 Heavy Plow
33:54 Scale Mail Armor
33:55 Padded Archer Armor
33:46 Fletching
34:06 Forging
34:02 Scale Barding Armor
36:51 Imperial Age
38:57 Light Cavalry
39:47 Bloodlines
39:38 Husbandry
39:02 Elite Skirmisher
41:11 Conscription
40:54 Circumnavigation
42:01 Chain Barding Armor
44:25 Plate Barding Armor
44:27 Iron Casting
44:09 Leather Archer Armor
46:58 Crop Rotation
46:49 Pikeman
FireInside
0:37 Loom
10:20 Loom
12:06 Feudal Age
16:49 Castle Age
16:37 Double-Bit Axe
16:37 Horse Collar
19:12 Wheelbarrow
21:05 Scale Barding Armor
23:41 Bow Saw
23:33 Heavy Plow
23:58 Fishing Lines
28:41 Imperial Age
27:52 Chain Barding Armor
27:54 Bloodlines
27:44 Husbandry
27:43 Stone Mining
29:26 Forging
29:52 Conscription
30:27 Town Watch
31:00 Hand Cart
31:23 Iron Casting
31:25 Parthian Tactics
32:22 Caravan
32:47 Gold Mining
34:01 Chemistry
33:08 Siege Engineers
33:31 Fletching
34:34 Plate Barding Armor
35:03 Gold Shaft Mining
35:10 Gillnets
35:31 Murder Holes
35:17 Light Cavalry
35:20 Elite Mameluke
35:52 Hussar
38:44 Ballistics
39:28 Blast Furnace
38:24 Bodkin Arrow
43:25 Hoardings
Gluyk
0:29 Loom
10:43 Feudal Age
12:00 Wheelbarrow
11:15 Double-Bit Axe
11:15 Horse Collar
11:23 Town Watch
17:41 Fishing Lines
21:46 Castle Age
20:59 Fletching
21:10 Padded Archer Armor
21:21 Forging
21:12 Scale Mail Armor
21:18 Scale Barding Armor
21:14 Gold Mining
22:49 Hand Cart
22:39 Heavy Plow
22:52 Bow Saw
23:02 Gillnets
23:57 Town Patrol
25:16 Squires
28:48 Gold Shaft Mining
28:05 Stone Mining
32:30 Imperial Age
31:11 Murder Holes
31:38 Ballistics
31:29 Masonry
31:37 Leather Archer Armor
31:18 Bodkin Arrow
31:13 Pikeman
34:25 Two-Man Saw
34:01 Crop Rotation
33:26 Capped Ram
33:27 Heavy Scorpion
34:29 Man-at-Arms
34:45 Onager
36:12 Bloodlines
36:02 Husbandry
35:23 Light Cavalry
35:24 Cavalier
37:40 Onager
38:59 Detinets
39:20 Conscription
39:36 Hoardings
39:18 Elite Skirmisher
39:57 Siege Ram
42:38 Ring Archer Armor
42:03 Bodkin Arrow
42:44 Iron Casting
43:26 Caravan
45:01 Coinage
47:17 Chain Barding Armor
47:13 Chain Mail Armor
47:42 Banking
46:54 Long Swordsman
48:00 Siege Engineers
Connection lost

Rejoining the realm…

Still unreachable

The connection could not be restored.

Session expired

The server has moved on; the page needs a fresh start.